 Dungeon Crawl Stone Soup version 0.23.2-30-g0e89c35649 (webtiles) character file.

Game seed: 8525327218066381972

6421 Ivernyr the Skirmisher (level 10, -5/55 HPs)
             Began as a Vine Stalker Fighter on June 24, 2019.
             Was an Elder of Zin.
             Slain by Joseph
             ... wielding a +2 quarterstaff of draining
              (15 damage)
             ... on level 9 of the Dungeon.
             The game lasted 00:50:54 (7391 turns).

Ivernyr the Skirmisher (Vine Stalker Fighter)       Turns: 7391, Time: 00:50:55

Health: -5/55      AC:  7    Str: 33    XL:     10   Next: 98%
Magic:  0/16       EV:  9    Int: 12    God:    Zin [****..]
Gold:   257        SH: 13    Dex: 22    Spells: 9/9 levels left

rFire    + + .     SeeInvis +   a - +5 long sword
rCold    + + +     Gourm    +   c - +0 shield
rNeg     . . .     Faith    .   I - +0 ring mail of Broken Taboos {*Corrode rC+++ Str+6} (curse)
rPois    ∞         Spirit   +   p - +0 helmet
rElec    +         Reflect  .   y - +2 cloak {MR+}
rCorr    +         Harm     .   C - +1 pair of gloves
MR       ++...     Rnd*Tele +   k - +1 pair of boots
Stlth    +.........             w - amulet of the gourmand
HPRegen  0.58/turn              s - ring of teleportation (curse)
MPRegen  0.15/turn              E - ring "Xahown" {rF+ Int+2 Dex+4 SInv}

@: mighty, vitalised, resistant, corroded, drained
A: fangs 3, regeneration 1, magic shield, antimagic bite, no potion heal 3, rot
immunity
a: Recite, Vitalisation, Imprison, Donate Gold, Renounce Religion


You were on level 9 of the Dungeon.
You worshipped Zin.
Zin was greatly pleased with you.
You were completely stuffed.

You visited 2 branches of the dungeon, and saw 10 of its levels.

You collected 485 gold pieces.
You spent 180 gold pieces at shops.
You donated 48 gold pieces to Zin.

Inventory:

Hand Weapons
 a - a +5 long sword (weapon)
Armour
 c - a +0 shield (worn)
 k - a +1 pair of boots (worn)
 p - a +0 helmet (worn)
 y - a +2 cloak of magic resistance (worn)
 C - a +1 pair of gloves (worn)
 I - the cursed +0 ring mail of Broken Taboos (worn) {*Corrode rC+++ Str+6}
   (You found it on level 9 of the Dungeon)

   It affects your strength (+6).
   It renders you almost immune to cold.
   It may corrode you when you take damage.
   It has a curse placed upon it.
Jewellery
 s - a cursed ring of teleportation (left hand)
 w - an amulet of the gourmand (around neck)
 x - an uncursed amulet of regeneration {unknown}
 E - the ring "Xahown" (right hand) {rF+ Int+2 Dex+4 SInv}
   (You found it on level 6 of the Dungeon)

   [ring of protection from fire]

   It affects your intelligence (+2).
   It affects your dexterity (+4).
   It protects you from fire.
   It lets you see invisible.
 F - an uncursed amulet of the acrobat {unknown}
Scrolls
 b - a scroll of enchant weapon {unknown}
 e - 5 scrolls of fear {unknown}
 g - 7 scrolls of identify {unknown}
 h - 3 scrolls of teleportation {unknown}
 m - 5 scrolls of remove curse {unknown}
 o - 2 scrolls of random uselessness {unknown}
 r - 4 scrolls of immolation {unknown}
 t - 3 scrolls of magic mapping {unknown}
 v - 4 scrolls of noise {unknown}
 D - a scroll of enchant armour {unknown}
 H - 2 scrolls of amnesia {unknown}
 J - a scroll of blinking {unknown}
Potions
 i - 4 potions of heal wounds
 j - 2 potions of curing {unknown}
 l - a potion of cancellation {unknown}
 n - 4 potions of degeneration {unknown}
 q - a potion of resistance
 u - a potion of lignification {unknown}
 z - 4 potions of agility {unknown}
 A - 2 potions of brilliance {unknown}
 B - a potion of invisibility {unknown}
 G - a potion of berserk rage {unknown}
Comestibles
 f - 21 rations


   Skills:
 + Level 7.3(6.6) Fighting
 + Level 7.0(6.3) Long Blades
 + Level 6.6(5.9) Armour
 - Level 1.1(0.5) Dodging
 + Level 7.3(6.6) Shields
 + Level 6.7(6.0) Invocations


You had 9 spell levels left.
You didn't know any spells.
Your spell library was empty.

Dungeon Overview and Level Annotations

Branches:
Dungeon (9/15)             Temple (1/1) D:4            Lair (0/6) D:9
    Orc (0/2) D:9

Altars:
Ashenzari
Cheibriados
Dithmenos
Elyvilon
Fedhas
Gozag
Hepliaklqana
Kikubaaqudgha
Makhleb
Nemelex Xobeh
Qazlal
Ru
Sif Muna
Trog
Uskayaw
Vehumet
Wu Jian
Xom
Yredelemnul
Zin
The Shining One

Shops:
D:5 [   D:6 (!

Annotations:
D:5 2 transporters, vierth's ghost, novice MiFi
D:9 Joseph


Innate Abilities, Weirdness & Mutations

You have razor-sharp teeth.
Your natural rate of healing is unusually fast.
When hurt, damage is shared between your health and your magic reserves.
Your bite disrupts and absorbs the magic of your enemies.
Potions cannot restore your health.
You are immune to rotting.


Message History

You hit Joseph. You bite Joseph, but do no damage.
Joseph is lightly wounded.
Joseph hits you with a +2 quarterstaff of draining!
* * * LOW HITPOINT WARNING * * *
You feel drained.
* * * LOW HITPOINT WARNING * * *
Okay, then.
You feel protected.
You feel very mighty all of a sudden.
Joseph hits you with a +2 quarterstaff of draining!
* * * LOW HITPOINT WARNING * * *
You feel drained.
You barely miss Joseph. Your bite misses Joseph.
Joseph is lightly wounded.
Joseph is lost in a daze.
You slice Joseph!! Your bite misses Joseph.
Joseph is moderately wounded.
Joseph screams, "You must be punished!"
Joseph hits you with a +2 quarterstaff of draining!
You die...

##.###### ##.........######## #.#
###.[.......## #.#
###....>.......# # #.#
###......#.......## ####
###.###.PPP(P...........######...
..#.....P...[P..PP........#......
....##(..PP(..P.P................
.........P.P.P.P..P.##....####...
......P.P.####P@@...###.### ####
.......P..#.>#...P..# ###
......P...#..#P.P.P##
......P..P#'##...P.# ####
.....P......P.P.P.P# ########...
÷.....P.PPP..P....## ##..)....###
...)....P.....PPP..###.######## #
...........P......))..##
..................)...###


You could see Joseph (dazed).

Vanquished Creatures
  A troll (D:9)
  2 slime creatures (D:8)
  A wyvern (D:9)
  A steam dragon (D:9)
  Edmund (D:4)
  A porcupine (D:9)
  5 ice beasts
  3 sky beasts
  A hornet zombie (D:8)
  6 orc warriors
  7 ogres
  2 black bears (D:9)
  2 phantoms
  3 centaurs
  8 big kobolds
  4 bullfrogs
  2 gnoll sergeants (D:9)
  5 scorpions
  12 wights
  2 howler monkeys
  A centaur zombie (D:5)
  4 crimson imps
  5 hounds
  A bullfrog zombie (D:9)
  4 jellies (D:8)
  3 orc priests
  Crazy Yiuf (D:4)
  6 orc wizards
  2 bullfrog skeletons
  2 iguanas (D:7)
  2 worker ants
  A hound skeleton (D:4)
  11 gnolls
  14 adders
  3 shadow imps
  2 oozes (D:8)
  An adder zombie (D:9)
  2 adder skeletons
  2 worms (D:4)
  A dart slug (D:4)
  3 leopard geckos
  31 orcs
  7 bats
  3 giant cockroaches
  8 goblins
  5 hobgoblins
  12 jackals
  9 kobolds
  7 quokkas
  A ball python (D:3)
  5 frilled lizards
  A leopard gecko zombie (D:8)
  6 rats
235 creatures vanquished.

Vanquished Creatures (others)
  A necrophage (D:9)
  A human (D:5)
  4 fungi
  5 toadstools (D:8)
11 creatures vanquished.

Grand Total: 246 creatures vanquished

Notes
Turn   | Place    | Note
-------+----------+-------------------------------------------
     0 | D:1      | Ivernyr the Vine Stalker Fighter began the quest for the
                  | Orb.
     0 | D:1      | Reached XP level 1. HP: 11/11 MP: 2/2
   584 | D:2      | Reached XP level 2. HP: 15/16 MP: 1/3
   822 | D:2      | Reached XP level 3. HP: 18/20 MP: 2/4
   928 | D:2      | Gained mutation: Your natural rate of healing is unusually
                  | fast. [Vine Stalker growth]
   928 | D:2      | Reached XP level 4. HP: 24/24 MP: 5/5
  1563 | D:3      | Reached XP level 5. HP: 28/28 MP: 6/6
  1713 | D:3      | Found a white marble altar of Elyvilon.
  1905 | D:3      | Found a shattered altar of Ashenzari.
  1909 | D:3      | Reached skill level 1 in Dodging
  2299 | D:3      | Became a worshipper of Elyvilon the Healer
  2583 | D:4      | Reached XP level 6. HP: 32/32 MP: 7/7
  2683 | D:4      | Found a staircase to the Ecumenical Temple.
  2736 | Temple   | Entered the Ecumenical Temple
  2796 | Temple   | Fell from the grace of Elyvilon
  2796 | Temple   | Became a worshipper of Zin the Law-Giver
  2796 | Temple   | Reached * piety under Zin
  2894 | D:4      | Noticed Edmund
  2920 | D:4      | Reached skill level 1 in Invocations
  2946 | D:4      | Killed Edmund
  2946 | D:4      | Reached XP level 7. HP: 37/37 MP: 7/9
  2974 | D:4      | Found a sacrificial altar of Ru.
  3341 | D:4      | Found a runed translucent door.
  3342 | D:4      | Noticed Crazy Yiuf
  3354 | D:4      | Killed Crazy Yiuf
  3549 | D:5      | Entered Level 5 of the Dungeon
  3721 | D:5      | Found a transporter.
  3721 | D:5      | Noticed vierth's ghost (novice MiFi)
  3725 | D:5      | Found a transporter.
  3738 | D:5      | Found Fajeimp's Antique Armour Shoppe.
  3762 | D:5      | Bought a pair of glowing gloves for 180 gold pieces
  3964 | D:5      | Found an ancient bone altar of Kikubaaqudgha.
  3964 | D:5      | Noticed a human
  3967 | D:5      | Killed a human
  4018 | D:5      | Reached ** piety under Zin
  4062 | D:6      | Found Ceupty Pyth's Distillery.
  4079 | D:6      | Found a hide-covered altar of Uskayaw.
  4118 | D:6      | Got a slimy bronze ring
  4175 | D:6      | Gained mutation: You have razor-sharp teeth. [Vine Stalker
                  | growth]
  4175 | D:6      | Reached XP level 8. HP: 42/42 MP: 9/11
  4227 | D:6      | Found Hidy's Antique Weapon Shop.
  4245 | D:6      | Identified the ring "Xahown" {rF+ Int+2 Dex+4 SInv} (You
                  | found it on level 6 of the Dungeon)
  4394 | D:6      | Reached *** piety under Zin
  4547 | D:6      | Found a glowing golden altar of the Shining One.
  4868 | D:7      | Reached skill level 5 in Fighting
  4868 | D:7      | Reached skill level 5 in Shields
  5120 | D:7      | Reached XP level 9. HP: 47/47 MP: 11/13
  5212 | D:7      | Reached skill level 5 in Long Blades
  5384 | D:7      | Found an ornate altar of the Wu Jian Council.
  5515 | D:8      | Reached skill level 5 in Armour
  5926 | D:8      | Reached skill level 5 in Invocations
  6047 | D:8      | Reached XP level 10. HP: 53/53 MP: 13/15
  6424 | D:9      | Got an ancient ring mail
  6435 | D:9      | Identified the cursed +0 ring mail of Broken Taboos
                  | {*Corrode rC+++ Str+6} (You found it on level 9 of the
                  | Dungeon)
  6457 | D:9      | Found a blossoming altar of Fedhas.
  6784 | D:9      | Found a staircase to the Lair.
  6831 | D:9      | Reached **** piety under Zin
  6945 | D:9      | Found a staircase to the Orcish Mines.
  7379 | D:9      | Noticed Joseph
  7391 | D:9      | Slain by Joseph

Skill      XL: |  1  2  3  4  5  6  7  8  9 10 |
---------------+-------------------------------+-----
Long Blades    | 2 3 4 5 7 |  7.0
Shields        | 3 4 5 6 7 |  7.3
Fighting       | 3 4 5 6 7 |  7.3
Armour         | 3 4 5 6 |  6.6
Dodging        | 1 |  1.1
Invocations    | 1 2 4 5 6 |  6.7

Action                   |  1- 3 |  4- 6 |  7- 9 | 10-12 || total
-------------------------+-------+-------+-------+-------++-------
Melee: Long sword        |    52 |   259 |   360 |   195 ||   866
       Bite              |    11 |    81 |   160 |   116 ||   368
Invok: Recite            |       |       |     7 |     6 ||    13
       Vitalisation      |       |       |     2 |     2 ||     4
  Use: Potion            |       |       |     1 |     3 ||     4
 Stab: Invisible         |       |       |     2 |       ||     2
       Confused          |       |       |     2 |     3 ||     5
  Eat: Chunk             |       |     6 |    20 |     5 ||    31
Armor: Scale mail        |    25 |   119 |   137 |     7 ||   288
       Ring mail         |       |       |       |    64 ||    64
Dodge: Dodged            |    15 |   101 |   111 |    69 ||   296
Block: Shield            |    23 |   146 |   168 |   117 ||   454
       Rpst.: Long sword |     6 |    33 |    36 |    26 ||   101
